 Dungeon Crawl Stone Soup version 0.20.1-1-g8b1a95d (webtiles) character file.

17 rzd the Caller (level 2, 0/20 HPs)
             Began as a Merfolk Summoner on Sept 22, 2017.
             Slain by a gnoll
             ... wielding a +0 whip
              (2 damage)
             ... on level 2 of the Dungeon.
             The game lasted 00:17:11 (705 turns).

rzd the Caller (Merfolk Summoner)                    Turns: 705, Time: 00:17:11

Health: 0/20       AC:  3    Str:  8    XL:     2   Next: 62%
Magic:  5/5        EV: 12    Int: 14    God:
Gold:   65         SH:  0    Dex: 14    Spells: 4/5 levels left

rFire    + . .     SeeInvis .   p - +0 dagger
rCold    x . .     Gourm    .   (no shield)
rNeg     . . .     Faith    .   i - +0 leather armour
rPois    .         Spirit   .   (no helmet)
rElec    .         Reflect  .   (no cloak)
rCorr    .         Harm     .   (no gloves)
MR       .....                  (no boots)
Stlth    ++........             (no amulet)
Regen    0.1/turn               m - ring of fire
MPRegen  0.1/turn               (no ring)

@: no status effects
A: change form in water, swift swim, stealthy swim
a: no special abilities


You were on level 2 of the Dungeon.
You were not hungry.

You visited 1 branch of the dungeon, and saw 2 of its levels.

You collected 65 gold pieces.

Inventory:

Hand Weapons
 h - a cursed -3 hunting sling
 p - a +0 dagger (weapon)
Missiles
 r - 22 sling bullets
Armour
 a - a +0 robe
 i - a +0 leather armour (worn)
Jewellery
 m - a ring of fire (left hand)
Scrolls
 d - a scroll of recharging {unknown}
 e - 2 scrolls of teleportation {unknown}
 f - a scroll of immolation {unknown}
 g - a scroll of amnesia {unknown}
 k - a scroll of blinking {unknown}
 l - a scroll of magic mapping {unknown}
 s - a scroll of fog {unknown}
Potions
 j - a potion of might {unknown}
 o - a potion of heal wounds {unknown}
Books
 b - a book of Callings

   Spells                             Type                      Level
   a - Summon Small Mammal            Summoning                    1
   b - Call Imp                       Summoning                    2
   c - Call Canine Familiar           Summoning                    3
   d - Summon Guardian Golem          Hexes/Summoning              3
   e - Summon Lightning Spire         Summoning/Air                4
   f - Summon Ice Beast               Ice/Summoning                4
Comestibles
 c - a bread ration
 n - 3 chunks of flesh


   Skills:
 + Level 0.4 Fighting
 * Level 3.1 Dodging
 + Level 2.1 Stealth
 - Level 0.2 Unarmed Combat
 * Level 2.2 Spellcasting
 * Level 4.2 Summonings


You had 4 spell levels left.
You knew the following spells:

 Your Spells              Type           Power        Failure   Level  Hunger
a - Summon Small Mammal   Summ           ##..         6%          1    #......


Dungeon Overview and Level Annotations

Branches:
Dungeon (2/15)

Altars:
Uskayaw


Message History

The gnoll hits you from afar with a spear.
The gnoll hits you from afar with a spear!
* * * LOW HITPOINT WARNING * * *
It was a potion of curing.
You feel better. The gnoll hits you with a whip.
The gnoll hits you from afar with a spear.
The gnoll closely misses you.
You feel better.
Your rat barely misses the gnoll.
The gnoll hits you with a whip. The gnoll misses you.
The gnoll hits you but does no damage.
You barely miss the gnoll.
Your rat bites the gnoll.
The gnoll hits you with a whip. The gnoll closely misses you.
The gnoll hits you from afar with a spear!
* * * LOW HITPOINT WARNING * * *
Your rat bites the gnoll but does no damage.
The gnoll barely misses your rat.
The rat twitches its whiskers.
The rat bites you but does no damage.
Your rat bites the gnoll but does no damage.
The gnoll hits you with a whip.
You die...

#...#..#.##.(..########.###
#._.#..#..................###
....#((#............##......#
....####.##.##...##.........#
......g..#..##......##......#
........##.#.gr.##.†##......###
...>.........gg......<........#
....#........##g.#.###......#..#
... ##.##..#..##@#.# #......# .#
.. #.#..###....r...#......# # .
#....# ####"....##.###... #.#.##
##....##.# .### #$#. ####..#.#
.. ..#. #.... . ... ##


You could see 4 gnolls, a rat and a friendly rat.

Vanquished Creatures
  3 bats
  A giant cockroach (D:1)
  A goblin (D:1)
  A jackal (D:1)
  A kobold (D:1)
  2 frilled lizards
  A rat (D:2)
10 creatures vanquished.

Vanquished Creatures (collateral kills)
  A bat (D:1)
  2 giant cockroaches (D:1)
  A hobgoblin (D:1)
  A jackal (D:1)
  A ball python (D:1)
  A frilled lizard (D:1)
  A rat (D:1)
8 creatures vanquished.

Grand Total: 18 creatures vanquished

Notes
Turn   | Place    | Note
-------+----------+-------------------------------------------
     0 | D:1      | rzd the Merfolk Summoner began the quest for the Orb.
     0 | D:1      | Reached XP level 1. HP: 13/13 MP: 3/3
   356 | D:1      | Reached XP level 2. HP: 17/19 MP: 3/5
   659 | D:2      | Noticed a dagger
   660 | D:2      | Noticed a hand axe
   678 | D:2      | Found a hide-covered altar of Uskayaw.
   703 | D:2      | HP: 1/20 [gnoll/spear (8)]
   705 | D:2      | Slain by a gnoll

Skill      XL: |  1  2 |
---------------+-------+-----
Dodging        | 3 |  3.1
Fighting       | |  0.4
Stealth        | |  2.1
Unarmed Combat | |  0.2
Spellcasting   | |  2.2
Summonings     | |  4.2

Action                   || total
-------------------------++-------
Melee: Unarmed           ||    33
       Whip              ||     3
       Mace              ||     8
       Short sword       ||    13
       Dagger            ||    12
 Cast: Summon Small Mamm ||    15
  Use: Scroll            ||     1
       Potion            ||     2
Armor: Robe              ||    10
       Leather armour    ||    21
Dodge: Dodged            ||    66
